 Dungeon Crawl Stone Soup version 0.30.0-29-ga12c61a403 (webtiles) character file.

Game seed: 7202784780288200564

39 Ijustatesigmund the Stinger (level 3, -6/21 HPs)
             Began as an Octopode Venom Mage on June 17, 2023.
             Mangled by a gnoll
             ... wielding a +0 club
              (9 damage)
             ... on level 3 of the Dungeon.
             The game lasted 00:03:01 (1031 turns).

Ijustatesigmund the Stinger (Octopode Venom Mage)   Turns: 1031, Time: 00:03:02

Health: -6/21      AC:  1    Str:  7    XL:     3   Next: 45%
Magic:  7/7        EV: 13    Int: 19    God:
Gold:   62         SH:  0    Dex: 12    Spells: 1/7 levels left

rFire   . . .        c - +0 spear (heavy)
rCold   . . .        (no shield)
rNeg    . . .        (helmet restricted)
rPois   .            (no amulet)
rElec   .            b - ring of resist corrosion
rCorr   +            (no ring)
SInv    .            (no ring)
Will    .....        (no ring)
Stlth   +++          (no ring)
HPRegen 0.23/turn    (no ring)
MPRegen 0.10/turn    (no ring)
                     (no ring)

%: no passive effects
@: no status effects
A: almost no armour, amphibious, 8 rings, camouflage 1, gelatinous body 1,
(nimble swimmer 1), tentacles
a: no special abilities


You were on level 3 of the Dungeon.
You visited 1 branch of the dungeon, and saw 3 of its levels.

You collected 62 gold pieces.

Inventory:

Hand Weapons
 c - a +0 heavy spear (weapon)
Magical Staves
 g - a staff of conjuration
Jewellery
 b - a ring of resist corrosion (left tentacle)
 e - a ring of magical power
 f - a ring of flight
Scrolls
 d - a scroll of summoning {unknown}
Potions
 a - a potion of magic


   Skills:
 + Level 0.2 Fighting
 - Level 2.0 Dodging
 - Level 2.6 Stealth
 + Level 2.7 Spellcasting
 + Level 0.3 Conjurations
 - Level 1.0 Transmutations
 + Level 0.4 Air Magic
 + Level 4.4 Poison Magic


You had one spell level left.
You knew the following spells:

 Your Spells              Type           Power      Damage    Failure   Level
a - Sting                 Tmut/Pois      48%        1d5       5%          1
b - Poisonous Vapours     Pois/Air       22%        N/A       9%          2
c - Mephitic Cloud        Conj/Pois/Air  9%         N/A       24%         3

Your spell library contained the following spells:

 Spells                   Type           Power      Damage    Failure   Level
 Slow                     Hex            8%         N/A       16%         1
 Olgreb's Toxic Radiance  Pois           19%        N/A       26%         4
 Confusing Touch          Hex            2%         N/A       43%         3
 Vampiric Draining        Necr           2%         2d6       43%         3


Dungeon Overview and Level Annotations

Branches:
Dungeon (3/15)

Altars:

Shops:
D:1 [


Innate Abilities, Weirdness & Mutations

You cannot wear most types of armour.
You are amphibious.
You can wear up to eight rings at the same time.
Your skin changes colour to match your surroundings (Stealth+).
Your rubbery body absorbs attacks. (AC +1, EV +1)
((You are camouflaged when in or above water. (Stealth+)))
You have tentacles for arms and can constrict up to eight enemies at once.


Message History

There is a stone staircase leading down here.
The gnoll hits you with a +0 spear.
You climb downwards.
There is a stone staircase leading up here.
You barely miss the gnoll. You grab the gnoll.
The gnoll is moderately wounded.
You constrict the gnoll, but do no damage.
The gnoll barely misses you. The gnoll hits you with a +0 spear!
You are too injured to fight recklessly!
You are too injured to fight recklessly!
You are too injured to fight recklessly!
You are too injured to fight recklessly!
You hit the gnoll.
The gnoll is almost dead.
You constrict the gnoll.
You kill the gnoll!
Things that are here:
a +0 spear; a gnoll corpse You start resting.
Your magical contamination has completely faded away.
You start resting.
HP restored.
You start resting.
Magic restored.
There is a stone staircase leading up here.
You climb upwards.
The gnoll hits you with a +0 club! The gnoll hits you with a +0 club.
There is a stone staircase leading down, spattered with blood here.
The gnoll barely misses you.
You climb downwards.
There is a stone staircase leading up here.
You barely miss the gnoll. You grab the gnoll. You squeeze the gnoll.
The gnoll is moderately wounded.
You constrict the gnoll. The gnoll hits you with a +0 club!
* * * LOW HITPOINT WARNING * * *
You hit the gnoll. You squeeze the gnoll.
The gnoll is severely wounded.
You constrict the gnoll, but do no damage.
The gnoll hits you with a +0 club!
You die...

..g.#. .... ....
... #.. # #.# #
#.#.# #
###.#.#@###.####
.......g)......#
###.#...........
#...........
#...........
#.########## #.
#. #.


You could see a gnoll and a hobgoblin (asleep).

Vanquished Creatures
  A gnoll (D:3)
  A dart slug (D:2)
  2 bats (D:1)
  An endoplasm (D:1)
  2 giant cockroaches (D:1)
  2 goblins (D:1)
  4 hobgoblins
  5 quokkas
  2 frilled lizards (D:1)
  A kobold (D:1)
  3 rats (D:1)
24 creatures vanquished.

Notes
Turn   | Place    | Note
-------+----------+-------------------------------------------
     0 | D:1      | Ijustatesigmund the Octopode Venom Mage began the quest for
                  | the Orb.
     0 | D:1      | Reached XP level 1. HP: 11/11 MP: 3/3
    98 | D:1      | Reached skill level 4 in Poison Magic
    98 | D:1      | Reached XP level 2. HP: 17/17 MP: 5/5
   118 | D:1      | Found a faded altar of an unknown god.
   295 | D:1      | Found Hifoobb's Antique Armour Shoppe.
   616 | D:1      | Reached XP level 3. HP: 16/21 MP: 6/6
   619 | D:1      | Learned a level 2 spell: Poisonous Vapours
   623 | D:1      | Learned a level 3 spell: Mephitic Cloud
   878 | D:2      | HP: 1/21 [hobgoblin (1)]
  1031 | D:3      | Mangled by a gnoll

Illustrated notes

Levels and vault maps discovered:
D:1:      pf_arrival_petrified_forest, layout_basic,
          shapermc_ecumenical_altar_mp_highgroup, serial_shops,
          nicolae_shop_statue_plus
D:2:      layout_loops_ring, basic_altar
D:3:      layout_basic, mainiacjoe_overflow_cross_hatched,
          amcnicky_altar_gilded, lexackson_kobold_supper

Skill      XL: |  1 |
---------------+----+-----
Poison Magic   | 4 |  4.4
Fighting       | |  0.2
Dodging        | |  2.0
Stealth        | |  2.6
Spellcasting   | |  2.7
Conjurations   | |  0.3
Transmutations | |  1.0
Air Magic      | |  0.4

Action                     || total
---------------------------++-------
  Melee: Spear             ||    35
         Unarmed           ||     2
         Constrict         ||     6
         Tentacles         ||     5
   Cast: Sting             ||     9
         Poisonous Vapours ||     4
   Stab: Sleeping          ||     3
 Armour: Skin              ||     2
  Dodge: Dodged            ||    23
